 Dungeon Crawl Stone Soup version 0.32-a0-933-ga8fa3634e4 (webtiles) character file.

Game seed: 781756738357715494

48265 Doorstop00 the Severer (level 14, -5/127 HPs)
             Began as a Minotaur Berserker on Apr 12, 2024.
             Was the Champion of Trog.
             Killed by an exploding two-headed ogre (33 damage)
             ... ignited by their inner flame
             ... on level 2 of the Orcish Mines on Apr 14, 2024.
             The game lasted 01:01:56 (19079 turns).

Doorstop00 the Severer (Minotaur Berserker)        Turns: 19079, Time: 01:01:59

Health: -5/127     AC: 20    Str: 27    XL:     14   Next: 11%
Magic:  13/13      EV: 14    Int:  6    God:    Trog [******]
Gold:   1699       SH: 16    Dex: 12    Spells: 13/13 levels left

rFire   . . .        c - +3 broad axe (flame)
rCold   . . .        D - +0 kite shield
rNeg    . . .        x - +0 plate armour
rPois   .            (helmet restricted)
rElec   .            B - +0 cloak
rCorr   .            l - +0 pair of gloves of Brilliance {Str+4}
SInv    .            O - +0 pair of boots
Will    ++...        L - amulet of reflection Stlth
                     j - +5 ring of evasion
HPRegen 0.41/turn    b - ring of willpower
MPRegen 0.13/turn

%: reflection
@: no status effects
A: horns 2, retaliatory headbutt
a: Renounce Religion, Berserk, Trog's Hand, Brothers in Arms


You were on level 2 of the Orcish Mines.
You worshipped Trog.
Trog was exalted by your worship.
You visited 3 branches of the dungeon, and saw 18 of its levels.
You also visited: Sewer and Ossuary.

You collected 1699 gold pieces.

Inventory:

Hand Weapons
 c - a +3 broad axe of flaming (weapon)
 N - a +1 demon whip of venom
 Q - a +0 heavy broad axe
Armour
 l - the +0 pair of gloves of Brilliance (worn) {Str+4}
   (You found it on level 2 of the Dungeon)

   Str+4:     It affects your strength (+4).
 x - a +0 plate armour (worn)
 B - a +0 cloak (worn)
 D - a +0 kite shield (worn)
 G - a +0 hat
 O - a +0 pair of boots (worn)
Jewellery
 b - a ring of willpower (right hand)
 j - a +5 ring of evasion (left hand)
 k - a ring of ice
 C - a +4 ring of protection
 L - an amulet of reflection (around neck)
Wands
 g - a wand of light (3)
 A - a wand of digging (6)
 H - a wand of paralysis (10)
Scrolls
 e - 6 scrolls of teleportation
 h - a scroll of vulnerability
 p - 2 scrolls of poison
 q - 3 scrolls of revelation
 s - a scroll of butterflies
 u - 2 scrolls of silence
 v - a scroll of fear
 y - a scroll of enchant weapon
 F - 2 scrolls of fog
 P - a scroll of enchant armour
Potions
 d - 8 potions of haste
 i - 8 potions of heal wounds
 m - 7 potions of might
 n - a potion of enlightenment {unknown}
 t - 10 potions of curing
 z - 2 potions of lignification
 E - 2 potions of resistance
Miscellaneous
 f - a phantom mirror


   Skills:
 * Level 12.5 Fighting
 * Level 17.0 Axes
 * Level 5.1 Staves
 * Level 12.1 Armour
 * Level 9.5 Dodging
 + Level 1.6 Stealth
 * Level 10.1 Shields
 * Level 7.1 Evocations


You had 13 spell levels left.
You didn't know any spells.
Your spell library was empty.

Dungeon Overview and Level Annotations

Branches:
Dungeon (12/15)            Temple (0/1) D:5            Lair (4/5) D:8
 Shoals (0/4) Lair:2        Snake (0/4) Lair:3          Orc (2/2) D:12
    Elf (0/3) Orc:2         Sewer (visited)         Ossuary (visited)
  Slime: Lair:4-5

Altars:
Ashenzari
Kikubaaqudgha
Nemelex Xobeh
Okawaru
Ru
Uskayaw
Vehumet
Wu Jian
The Shining One

Shops:
Orc:2 ?

Annotations:
D:6 1 runed translucent door, Pokonic1's ghost, novice FoFi


Innate Abilities, Weirdness & Mutations

You have a pair of horns on your head.
You reflexively headbutt those who attack you in melee.


Message History

You completely miss the ogre. You slash the troll!
Flame seeps out of the troll.
You burn the troll.
Flame seeps out of the troll.
You slash the two-headed ogre!
Flame seeps out of the two-headed ogre.
You burn the two-headed ogre!
Flame seeps out of the two-headed ogre.
You barely miss the ogre. You barely miss the deep troll. You slash the ogre!
Flame seeps out of the ogre.
You burn the ogre.
Flame seeps out of the ogre.
You hit the troll but do no damage.
The ogre is engulfed in blazing flames.
Flame seeps out of the ogre.
You block the ogre's attack. Something hits you! Space warps around you.
The troll bites you but does no damage. You block the troll's attack.
The troll claws you.
The ogre is engulfed in blazing flames.
Trog accepts your kill.
The ogre explodes!
The fiery explosion engulfs the orc high priest!!
Flame seeps out of the orc high priest.
The orc high priest is heavily wounded.
The fiery explosion engulfs the orc!!!
Trog accepts your kill.
The fiery explosion engulfs the ice devil.
Flame seeps out of the ice devil.
The ice devil is lightly wounded.
The fiery explosion engulfs you!!!
* * * LOW HITPOINT WARNING * * *
The fiery explosion engulfs the troll!!
Flame seeps out of the troll.
The troll is severely wounded.
The fiery explosion engulfs the ogre!!
Flame seeps out of the ogre.
The ogre is almost dead.
The fiery explosion engulfs the troll!!
Trog accepts your kill.
The fiery explosion engulfs the two-headed ogre!!
Trog accepts your kill.
The two-headed ogre explodes!
The fiery explosion engulfs the troll!!
Flame seeps out of the troll.
The troll is almost dead.
The fiery explosion engulfs the ogre!!
Trog accepts your kill.
The fiery explosion engulfs the ogre!
Trog accepts your kill. The fiery explosion engulfs you!!
You die...

.# .. .. ..##.#
.# ......# #.##
.....#.#...##
#.......#...##
......oo.....##.
.....oT○O......$
o....4○@TO......
...oo§§○○OO.....
....ooT#O{......
..OOOo#.OO..#...
..o.O. .........
..C.T...........
.∩.T. T.........
.......O........


You could see an orc high priest (inner flame), 2 two-headed ogres, 2 deep
trolls, a cyclops (inner flame), an ice devil (summoned, inner flame), 3 trolls,
3 orc warriors, 9 ogres, an orc wizard (inner flame) and 5 orcs.

Vanquished Creatures
  An ogre mage (Orc:1)
  2 hydras (Lair:4)
  9 two-headed ogres
  A catoblepas (Lair:3)
  A boulder beetle (D:11)
  A skyshark (Lair:3)
  Amaemon (D:10)
  Sonja (D:10)
  A lindwurm (Lair:3)
  2 cyclopes
  A torpor snail (Lair:1)
  2 gargoyles
  Jeremiah (D:6)
  6 cane toads
  Joseph (D:10)
  A rime drake (Lair:3)
  Psyche (D:10)
  2 kobold demonologists (D:12)
  7 komodo dragons
  3 trolls
  4 polar bears
  Prince Ribbit (D:5)
  A hornet (D:8)
  11 dream sheep
  5 blink frogs (Lair:3)
  4 slime creatures (D:12)
  Sigmund (D:6)
  A spriggan (D:8)
  2 wyverns
  50 yaks
  2 shadows (D:11)
  A wraith (D:10)
  5 basilisks
  2 steam dragons
  3 nagas (Lair:3)
  Edmund (D:5)
  2 acid dragons (D:9)
  9 water moccasins
  10 orc warriors
  A swamp drake (D:12)
  7 black bears
  3 ice beasts
  11 ogres
  3 centaurs
  4 wolves (Lair:3)
  A crocodile (Sewer)
  2 phantoms
  8 kobold brigands
  Blork the orc (D:6)
  A brain worm (Sewer)
  17 bullfrogs
  2 gnoll sergeants
  13 scorpions
  9 wights
  22 killer bees
  5 bombardier beetles
  4 jellies
  A centaur zombie (Ossuary)
  2 human zombies (Ossuary)
  5 orc priests
  9 hounds
  A sleepcap (D:6)
  2 iguanas (D:6)
  6 scorpion zombies (Ossuary)
  Terence (D:3)
  16 orc wizards
  4 hell rats (Lair:4)
  3 mummies (Ossuary)
  Robin (D:3)
  6 gnolls
  5 adders
  3 adder zombies (Ossuary)
  A dart slug (D:1)
  2 ribbon worms
  42 orcs
  8 ball pythons
  6 endoplasms
  5 giant cockroaches
  3 gnoll zombies (Ossuary)
  13 goblins
  9 hobgoblins
  18 jackals
  23 kobolds
  6 quokkas
  2 ball python zombies (Ossuary)
  6 bats
  5 frilled lizards
  2 jackal zombies (Ossuary)
  4 orc zombies (Ossuary)
  9 rats
503 creatures vanquished.

Vanquished Creatures (collateral kills)
  Erica (D:10)
  An orange demon (D:10)
  2 killer bees (D:10)
4 creatures vanquished.

Vanquished Creatures (others)
  A kobold brigand (D:12)
  An orc wizard (D:11)
  An orc (D:11)
  2 kobolds (D:12)
5 creatures vanquished.

Grand Total: 512 creatures vanquished

Notes
Turn   | Place    | Note
-------+----------+-------------------------------------------
     0 | D:1      | Doorstop00 the Minotaur Berserker began the quest for the
                  | Orb.
     0 | D:1      | Reached XP level 1. HP: 19/19 MP: 0/0
    78 | D:1      | Reached XP level 2. HP: 18/27 MP: 1/1
   192 | D:1      | Reached skill level 4 in Axes
   423 | D:1      | Reached XP level 3. HP: 24/33 MP: 2/2
   485 | D:1      | Reached ** piety under Trog
   866 | D:1      | Found a faded altar of an unknown god.
  2097 | D:2      | Reached XP level 4. HP: 18/41 MP: 3/3
  2122 | D:2      | Identified the +0 pair of gloves of Brilliance {Str+4}
  2536 | D:3      | Noticed Robin
  2564 | D:3      | Killed Robin
  2666 | D:3      | Reached skill level 5 in Axes
  2765 | D:3      | Noticed Terence
  2775 | D:3      | Reached XP level 5. HP: 47/47 MP: 4/4
  2778 | D:3      | Killed Terence
  2778 | D:3      | Reached *** piety under Trog
  2779 | D:3      | Reached skill level 5 in Fighting
  3248 | D:4      | Found a glowing drain.
  3259 | Sewer    | Entered a sewer
  3286 | Sewer    | Reached skill level 6 in Axes
  3286 | Sewer    | Reached XP level 6. HP: 43/56 MP: 2/5
  3443 | D:4      | Found a sparkling altar of Nemelex Xobeh.
  3522 | D:4      | Reached skill level 7 in Axes
  3580 | D:4      | Reached XP level 7. HP: 48/61 MP: 3/6
  3911 | D:5      | Entered Level 5 of the Dungeon
  3968 | D:5      | Found a staircase to the Ecumenical Temple.
  4003 | D:5      | Reached skill level 8 in Axes
  4028 | D:5      | Found a glowing golden altar of the Shining One.
  4102 | D:5      | Noticed Edmund
  4111 | D:5      | Killed Edmund
  4112 | D:5      | Reached XP level 8. HP: 70/70 MP: 7/7
  4125 | D:5      | Noticed Prince Ribbit
  4128 | D:5      | Killed Prince Ribbit
  4128 | D:5      | Reached **** piety under Trog
  4129 | D:5      | Reached skill level 9 in Axes
  4129 | D:5      | Reached skill level 5 in Armour
  4138 | D:5      | Reached skill level 1 in Evocations
  4357 | D:5      | Reached skill level 1 in Stealth
  4662 | D:5      | Reached skill level 10 in Axes
  5161 | D:6      | Reached XP level 9. HP: 55/79 MP: 6/8
  5376 | D:6      | Reached skill level 5 in Dodging
  5431 | D:6      | Found a runed translucent door.
  5436 | D:6      | Noticed Pokonic1's ghost (novice FoFi)
  5450 | D:6      | Found a sand-covered staircase.
  5459 | Ossuary  | Entered an ossuary
  5614 | Ossuary  | Reached skill level 11 in Axes
  5671 | Ossuary  | Reached ***** piety under Trog
  5917 | D:6      | Found an iron altar of Okawaru.
  5955 | D:6      | Noticed Blork the orc
  5963 | D:6      | Killed Blork the orc
  6091 | D:6      | Noticed Jeremiah
  6104 | D:6      | Killed Jeremiah
  6332 | D:6      | Reached skill level 12 in Axes
  6365 | D:6      | Noticed Sigmund
  6374 | D:6      | Killed Sigmund
  6375 | D:6      | Reached XP level 10. HP: 82/90 MP: 9/9
  6947 | D:7      | Upgraded the game from 0.32-a0-928-g1cae6b7ea0 to
                  | 0.32-a0-933-ga8fa3634e4
  7286 | D:7      | Reached skill level 1 in Shields
  8462 | D:8      | Found a staircase to the Lair.
  8618 | D:8      | Paralysed by a hornet for 2 turns
  8837 | D:8      | Reached skill level 10 in Fighting
  8837 | D:8      | Reached skill level 13 in Axes
  8837 | D:8      | Reached skill level 5 in Evocations
  8837 | D:8      | Reached XP level 11. HP: 99/99 MP: 10/10
  9054 | D:8      | Reached skill level 5 in Shields
  9175 | D:8      | Identified the +1 leather armour of Conscience {rElec Dex+3
                  | Slay+3}
  9538 | D:9      | Received a gift from Trog
  9706 | D:9      | Reached skill level 10 in Armour
 10223 | D:9      | Noticed a two-headed ogre
 10229 | D:9      | Reached skill level 14 in Axes
 10234 | D:9      | Killed a two-headed ogre
 10235 | D:9      | Reached XP level 12. HP: 69/108 MP: 6/11
 10460 | D:10     | Entered Level 10 of the Dungeon
 10508 | D:10     | Noticed Erica
 10515 | D:10     | Killed Erica
 10568 | D:10     | Noticed Joseph
 10579 | D:10     | Killed Joseph
 10694 | D:10     | Found a sacrificial altar of Ru.
 10968 | D:10     | Found an ancient bone altar of Kikubaaqudgha.
 10968 | D:10     | Found a broken altar of Ashenzari.
 10976 | D:10     | Found a hide-covered altar of Uskayaw.
 10978 | D:10     | Found a radiant altar of Vehumet.
 10980 | D:10     | Found an ornate altar of the Wu Jian Council.
 11069 | D:10     | Noticed a two-headed ogre
 11082 | D:10     | Killed a two-headed ogre
 11373 | Lair:1   | Entered Level 1 of the Lair of Beasts
 11783 | Lair:1   | Reached skill level 15 in Axes
 11783 | Lair:1   | Reached skill level 1 in Staves
 12183 | D:11     | Noticed Amaemon
 12194 | D:11     | Noticed a two-headed ogre
 12389 | D:10     | Killed a two-headed ogre
 12552 | D:10     | Killed Amaemon
 12748 | D:11     | Noticed a boulder beetle
 12755 | D:11     | Killed a boulder beetle
 12852 | D:11     | Noticed Psyche
 12864 | D:11     | Paralysed by Psyche for 4 turns
 12866 | D:11     | Noticed Sonja
 12876 | D:11     | Paralysed by something for 4 turns
 12905 | D:10     | Killed Psyche
 13062 | D:10     | Killed Sonja
 14075 | Lair:2   | Reached XP level 13. HP: 103/113 MP: 10/12
 14136 | Lair:2   | Found a staircase to the Shoals.
 15179 | Lair:3   | Reached skill level 16 in Axes
 15190 | Lair:3   | Received a gift from Trog
 15220 | Lair:3   | Found a staircase to the Snake Pit.
 17382 | D:12     | Found a staircase to the Orcish Mines.
 17434 | D:12     | Reached ****** piety under Trog
 17561 | D:12     | Received a gift from Trog
 18134 | Orc:1    | Entered Level 1 of the Orcish Mines
 18339 | D:12     | Reached skill level 10 in Shields
 18339 | D:12     | Reached XP level 14. HP: 98/127 MP: 13/13
 18413 | Orc:1    | Reached skill level 5 in Staves
 18729 | Orc:1    | Reached skill level 17 in Axes
 18948 | Orc:2    | Entered Level 2 of the Orcish Mines
 18979 | Orc:2    | Found a staircase to the Elven Halls.
 19052 | Orc:2    | Found Ucity's Magic Scroll Shop.
 19079 | Orc:2    | Killed by an exploding two-headed ogre... ignited by their
                  | inner flame

Illustrated notes

Levels and vault maps discovered:
D:1:      onia_arrival_mini_maze_b, layout_loops_ring, basic_ecumenical_altar,
          minivault_26
D:2:      layout_basic
D:3:      cheibrodos_old_hovel, layout_basic, uniq_robin, uniq_terence
D:4:      layout_basic, nemelex_xobeh_ov_fountains_minmay,
          gup_sewer_entry_bubbles
D:5:      layout_basic, tso_oasis_becter, minmay_temple_entry_from_below_a,
          uniq_edmund, uniq_prince_ribbit1
D:6:      layout_layer_cave, kennysheep_okawaru_gauntlet,
          lightli_ossuary_entry_decrepit_ruins, ebering_ghost_reflecting_pool,
          uniq_jeremiah, uniq_sigmund, uniq_blork_the_orc
D:7:      layout_layer_cave
D:8:      layout_basic, lair_entry_dummy, grunt_decor_mini_mirrors, the_hattery
D:9:      layout_rooms
D:10:     layout_basic, overflow_temple_1_default,
          chequers_temple_overflow_minitemple, uniq_erica, uniq_joseph
D:11:     layout_basic, kennysheep_generic_room_4, uniq_psyche, uniq_sonja,
          uniq_amaemon
D:12:     layout_irregular_city, erik_orc_1, kennysheep_generic_room_6
Lair:1:   layout_chaotic_city
Lair:2:   layout_chaotic_city, shoals_dummy_entry, infiniplex_staircase_pool_2,
          serial_bayou_shore_b
Lair:3:   layout_cave_pods, nicolae_snake_entry_squirm,
          chequers_serial_rivers_micro_a
Lair:4:   layout_cave_pods, grunt_megastairs_1
Orc:1:    layout_caves
Orc:2:    st_orc_open, layout_caves, minmay_shop_enchanted_jewellery

Skill      XL: |  1  2  3  4  5  6  7  8  9 10 11 12 13 14 |
---------------+-------------------------------------------+-----
Fighting       | 4 5 6 7 8 10 11 12 | 12.5
Axes           | 4 5 6 7 8 10 12 13 14 15 16 17 | 17.0
Dodging        | 3 4 5 7 8 9 |  9.5
Armour         | 3 4 6 7 9 10 11 12 | 12.1
Evocations     | 2 3 5 6 7 |  7.1
Stealth        | 1 |  1.6
Shields        | 4 6 7 10 | 10.1
Staves         | 2 4 5 |  5.1

Action                     |  1- 3 |  4- 6 |  7- 9 | 10-12 | 13-15 || total
---------------------------+-------+-------+-------+-------+-------++-------
  Melee: Hand axe          |   115 |    43 |       |       |       ||   158
         Headbutt          |    13 |    11 |    55 |    85 |    77 ||   241
         War axe           |       |    76 |   225 |   387 |       ||   688
         Broad axe         |       |       |       |    98 |   368 ||   466
         Unarmed           |       |       |       |     8 |       ||     8
 Invoke: Brothers in Arms  |       |       |       |     2 |       ||     2
  Evoke: Wand              |       |       |     6 |     5 |       ||    11
    Use: Scroll            |     3 |     6 |     3 |    13 |     3 ||    28
         Potion            |       |       |       |     1 |       ||     1
   Stab: Sleeping          |     1 |       |       |       |       ||     1
         Invisible         |       |       |     2 |       |       ||     2
 Armour: Animal skin       |    95 |       |       |       |       ||    95
         Ring mail         |       |    36 |       |       |       ||    36
         Chain mail        |       |    33 |   111 |    78 |       ||   222
         Plate armour      |       |       |       |   234 |   159 ||   393
         Skin              |       |       |       |    11 |       ||    11
  Dodge: Dodged            |    58 |    82 |   154 |   315 |   133 ||   742
  Block: Kite shield       |       |       |       |   243 |   299 ||   542
         Buckler           |       |       |       |     5 |       ||     5
         Reflection        |       |       |       |       |    17 ||    17

Table legend: (Time is in decaauts)
 A = Elapsed time spent in this place.
 B = Non-inter-level travel time spent in this place.
 C = Inter-level travel time spent in this place.
 D = Time resting spent in this place.
 E = Time spent auto-exploring this place.
 F = Levels seen in this place.
 G = Mean time per level.
                   A        B        C        D        E       F      G
               +--------+--------+--------+--------+--------+-----+--------+
         Total |  19192 |  18410 |    782 |   3535 |  10774 |  20 |  959.6 |
       Dungeon |  14007 |  13449 |    558 |   2752 |   8017 |  12 | 1167.2 |
          Lair |   3995 |   3771 |    224 |    601 |   2327 |   4 |  998.8 |
  Orcish Mines |    674 |    674 |      0 |    120 |    287 |   2 |  337.0 |
         Sewer |    143 |    143 |      0 |     61 |      0 |   1 |  143.0 |
       Ossuary |    370 |    370 |      0 |      0 |    143 |   1 |  370.0 |
               +--------+--------+--------+--------+--------+-----+--------+

Top non-repeatable levels by time:
    D:10: 1659 daAuts
     D:6: 1514 daAuts
     D:7: 1494 daAuts
     D:1: 1299 daAuts
    D:12: 1194 daAuts
  Lair:3: 1163 daAuts
     D:8: 1157 daAuts
     D:5: 1137 daAuts
     D:2: 1121 daAuts
  Lair:4: 1015 daAuts
     D:9: 1012 daAuts
    D:11: 1009 daAuts
  Lair:2: 998 daAuts
  Lair:1: 818 daAuts
     D:3: 757 daAuts
